 Dungeon Crawl Stone Soup version 0.15.1-1-gfacfea3 (webtiles) character file.

233236 Johnny the Fencer (level 20, -13/162 (167) HPs)
             Began as a Human Berserker on Sept 24, 2014.
             Was an Elder of Trog.
             Killed from afar by Margery (52 damage)
             ... with a bolt of fire
             ... on Level 2 of the Vaults.
             The game lasted 03:11:44 (39635 turns).

Johnny the Fencer (Human Berserker)                Turns: 39635, Time: 03:11:46

HP -13/162 (167) AC 35     Str 16      XL: 20   Next: 35%
MP  30/30        EV 13     Int  8      God: Trog [****..]
Gold 2667        SH 19     Dex 28      Spells:  0 memorised, 19 levels left

rFire  . . .     SeeInvis +     Q - +9 scimitar (flame)
rCold  + . .     Clarity  +     e - +9 plate armour of Conscience {rN+ Str-3 Dex+4 Slay-2 SInv}
rNeg   + . .     rCorr    .     N - +5 shield {reflect}
rPois  .         rRot     .     b - +0 helmet
rElec  .         Spirit   .     Y - +2 cloak
SustAb .         Warding  .     u - +0 pair of gloves
rMut   .         Stasis   .     t - +2 pair of boots
Gourm  .                        z - amulet of clarity
MR     ++++.                    P - ring of protection from cold
                                S - +4 ring of dexterity

@: exhausted, about to teleport, very slightly contaminated, regenerating,
hasted and slowed, incredibly resistant to hostile enchantments, extremely
unstealthy
A: low mp 1, magic resistance 1, slow healing 1
a: Burn Spellbooks, Berserk, Trog's Hand, Brothers in Arms, Renounce Religion
}: 1/15 runes: decaying


You were on level 2 of the Vaults.
You worshipped Trog.
Trog was greatly pleased with you.
You were very hungry.

You visited 6 branches of the dungeon, and saw 36 of its levels.
You also visited: Ossuary and Wizlab.

You collected 3673 gold pieces.
You spent 1006 gold pieces at shops.

Inventory:

Hand weapons
 f - a +1 antimagic demon blade
 n - a +8 antimagic claymore
 L - a +2 long sword of venom
 Q - a +9 scimitar of flaming (weapon)
Armour
 b - a +0 helmet (worn)
 e - the +9 plate armour of Conscience (worn) {rN+ Str-3 Dex+4 Slay-2 SInv}
   (You bought it in a shop on level 1 of the Orcish Mines)

   It affects your strength (-3).
   It affects your dexterity (+4).
   It affects your accuracy and damage with ranged weapons and melee attacks
   (-2).
   It protects you from negative energy.
   It enhances your eyesight.
 t - a +2 pair of boots (worn)
 u - a +0 pair of gloves (worn)
 N - a +5 shield of reflection (worn)
 Y - a +2 cloak (worn)
Magical devices
 i - a wand of cold (0)
 D - a wand of heal wounds (2)
 E - a wand of hasting (3)
 G - a wand of fire (0)
 J - a wand of draining (0)
 O - a wand of slowing (0)
 V - a wand of disintegration (0)
 X - a wand of digging (0)
Comestibles
 r - 4 bread rations
 A - 2 fruits
 B - 4 meat rations
 C - 4 beef jerkies
 Z - 3 chunks of ogre flesh
Scrolls
 c - 5 scrolls of silence
 g - 5 scrolls of teleportation
 h - 3 scrolls of vulnerability
 j - 4 scrolls of enchant armour
 l - a scroll of noise
 q - 2 scrolls of holy word
 v - 12 scrolls of remove curse
 y - 4 scrolls of fog
 M - a scroll of magic mapping
 U - 6 scrolls of identify
 W - a scroll of recharging
Jewellery
 a - an uncursed ring of positive energy
 z - an amulet of clarity (around neck)
 P - a ring of protection from cold (right hand)
 R - an uncursed ring of protection from magic
 S - a +4 ring of dexterity (left hand)
Potions
 d - 6 potions of restore abilities
 k - 3 potions of lignification
 m - 3 potions of might
 o - a potion of flight
 p - 6 potions of curing
 s - a potion of mutation
 w - 2 potions of porridge
 H - 5 potions of agility
 I - 4 potions of cancellation
 T - 2 potions of brilliance


   Skills:
 * Level 16.9 Fighting
 * Level 17.3 Long Blades
   Level 0.6 Maces & Flails
 + Level 13.0 Armour
 + Level 12.6 Dodging
 + Level 12.7 Shields
 + Level 12.9 Evocations


You had 19 spell levels left.
You didn't know any spells.

Dungeon Overview and Level Annotations

Branches:
Dungeon (15/15)            Temple (0/1) D:7             Orc (4/4) D:12
    Elf (2/3) Orc:3          Lair (8/8) D:8           Swamp (5/5) Lair:4
  Snake (0/5) Lair:3        Slime (0/6) Lair:8       Vaults (2/5) D:13
 Depths (0/5) D:15
  Crypt: Vaults:2-3

Altars:
Cheibriados
Elyvilon
Fedhas
Kikubaaqudgha
Makhleb
Nemelex Xobeh
Okawaru
Qazlal
Trog
Xom
Zin
Beogh
Jiyva

Shops:
D:5 (   D:6 *   D:11 (   D:14 (   Orc:1 [   Orc:4 ([[(*   Elf:2 (   Vaults:1 :
Vaults:2 *?[*[

Annotations:
Vaults:2 Margery


Innate Abilities, Weirdness & Mutations

Your magical capacity is low (-10% MP).
You are resistant to hostile enchantments.
You heal slowly when monsters are visible.


Message History

You block the hell knight's attack.
Read which item? (? for menu, Esc to quit)
Blink to where?
Press: ? - help, Dir - move target cursor
As you read the scroll of blinking, it crumbles to dust.
You are very lightly contaminated with residual magic.
Drink which item? (? for menu, Esc to quit)
You feel yourself speed up.
Read which item? (? for menu, Esc to quit)
As you read the scroll of teleportation, it crumbles to dust.
You feel strangely unstable. The hell knight closely misses you.
The hell knight hits you with a runed demon whip.
* * * LOW HITPOINT WARNING * * *
Use which ability? (? or * to list)
Your two-headed ogre goes berserk!
You feel somewhat more hungry. You block the hell knight's attack.
Margery points at you and mumbles some strange words.
The bolt of fire hits the hell knight.
The hell knight completely resists.
The bolt of fire hits you!
You die...

..#...##)(## #.(...#......# #
..#....#()# #.....#......#
###....'..+ +.....#......#
#....#..# #.....#...>..####
#########+ #.....#......#..##
##.## #.....#......'...' #(..#
#.....'......#...' #...#
#.....########...' ###
##...###@....# #...' ....
##.#.#.##p.O..# #..## .....
#...#...'.....# ####
..>...p#...#..)))....#
......p@)p.#.@.).....############
.......##.#.#p##.................
..... ##...###.................
.... #...# #................. ##+
#...# #.................


You could see Margery, a hell knight, a necromancer and a friendly two-headed
ogre (berserk).

Vanquished Creatures
  Norris (D:13)
  3 thorn hunters
  Rupert (D:13)
  A fire giant (D:15)
  Donald (Swamp:2)
  Aizul (Vaults:2)
  A frost giant (Vaults:2)
  6 vault wardens
  3 stone giants
  A war gargoyle (Vaults:2)
  A deep elf annihilator (Vaults:1)
  8 purple draconians (WizLab)
  Snorg (Lair:7)
  2 yaktaur captains
  3 ettins
  A vault guard (Vaults:1)
  Josephine (Orc:3)
  7 ogre magi
  7 ironheart preservers
  Harold (Orc:3)
  2 great orbs of eyes
  An ice dragon (Vaults:1)
  3 shambling mangroves
  4 statues (WizLab)
  28 hydras
  Erica (D:11)
  4 centaur warriors
  8 alligators
  10 death yaks
  A deep troll shaman (Lair:8)
  The ghost of Johnny the Skirmisher, an experienced HuBe of Trog (Lair:1)
  4 orc high priests (Orc:4)
  Nergalle (Lair:7)
  A catoblepas (Lair:8)
  12 skeletal warriors
  5 unseen horrors
  A wizard (D:15)
  2 flayed ghosts
  A deep troll (D:14)
  13 deep elf knights
  2 spriggan druids
  6 hill giants
  9 swamp dragons (Swamp:5)
  A silver statue (D:13)
  Pikel (D:7)
  6 orc sorcerers
  3 deep elf summoners
  9 orc knights
  11 deep elf conjurers
  3 ironbrand convokers (Vaults:1)
  11 ugly things
  A necromancer (Vaults:2)
  A frost giant zombie (Vaults:2)
  2 red wasps
  22 elephants
  11 cyclopes
  2 griffons
  2 black mambas
  A manticore (D:11)
  A centaur zombie (D:15)
  Joseph (D:8)
  A smoke demon (D:13)
  18 spiny frogs
  An orange demon (D:13)
  A feature mimic (Lair:3)
  4 vault sentinels
  17 yaktaurs
  3 fire drakes
  An iron devil (Orc:4)
  2 kobold demonologists
  6 komodo dragons
  The ghost of hcnick the Ruffian, an average TrMo (Ossuary)
  8 deep elf priests
  A freezing wraith (Vaults:2)
  A demonic crawler (Elf:1)
  4 trolls
  11 polar bears
  A jumping spider (Vaults:1)
  9 giant leeches
  Prince Ribbit (D:7)
  A baby alligator (shapeshifter) (D:14)
  A queen bee (D:9)
  14 slime creatures
  An ettin zombie (Vaults:2)
  13 bog bodies
  7 ravens
  A tengu simulacrum (Vaults:2)
  2 boulder beetles
  10 two-headed ogres
  4 baby alligators (Swamp:3)
  4 basilisks
  4 shadows
  13 humans (D:13)
  9 redbacks
  A vampire (D:15)
  4 wraiths
  3 trapdoor spiders
  19 blink frogs
  A spriggan (shapeshifter) (D:14)
  A hill giant zombie (D:15)
  2 tarantellas (Elf:1)
  2 hungry ghosts
  2 wyverns
  25 yaks
  19 deep elf fighters
  36 deep elf magi
  A tarantella (shapeshifter) (D:14)
  11 spriggans
  22 wolves
  5 wargs
  15 hippogriffs
  A naga (Lair:3)
  The ghost of aredel the Covered, an average GrFi (D:4)
  23 swamp worms
  Edmund (D:7)
  A naga (shapeshifter) (Vaults:1)
  37 vampire mosquitoes
  Menkaure (D:5)
  11 porcupines
  20 water moccasins
  4 mottled dragons
  10 yellow wasps
  4 ice beasts
  2 slaves (D:7)
  37 orc warriors
  10 black bears
  3 necrophages
  12 swamp drakes
  3 sky beasts
  36 ogres
  12 centaurs
  An elf simulacrum (Vaults:1)
  3 boring beetles
  13 crocodiles
  4 phantoms
  Duvessa (D:4)
  20 giant frogs
  2 big kobolds
  A yaktaur skeleton (D:15)
  14 insubstantial wisps
  3 human simulacra
  A yak zombie (D:10)
  4 scorpions
  4 eyes of draining
  8 wandering mushrooms
  2 electric eels (Lair:4)
  A hippogriff skeleton (D:8)
  21 killer bees
  A troll skeleton (D:9)
  7 wights
  2 oklob saplings (D:8)
  Dowan (D:4)
  13 crimson imps
  39 orc priests
  A black bear zombie (D:10)
  2 goliath beetles
  17 hounds
  An iron imp (D:13)
  A jelly (D:11)
  38 orc wizards
  6 iguanas
  A kobold skeleton (D:13)
  A centaur skeleton (D:10)
  3 orange rats
  2 quasits (D:13)
  Natasha (twice) (D:4)
  An elf skeleton (D:10)
  11 worker ants
  11 sheep
  22 adders
  A gnoll (D:5)
  34 green rats
  2 orc skeletons
  2 giant mites
  6 shadow imps
  4 worms
  An adder zombie (Ossuary)
  An iguana skeleton (D:8)
  3 giant eyeballs (Elf:1)
  11 giant geckos
  An ooze (D:3)
  247 orcs
  A ball python (D:4)
  7 bats
  2 bat skeletons
  6 giant cockroaches
  20 goblins
  17 hobgoblins
  15 jackals
  19 kobolds
  2 ball python skeletons (Ossuary)
  5 giant newts
  A giant spore (D:13)
  2 hobgoblin zombies
  A kobold zombie (Ossuary)
  2 orc simulacra (Orc:3)
  7 orc zombies
  8 quokkas
  9 rats
  A rat zombie (D:5)
  6 ballistomycetes
  A fungus (Elf:1)
  A toadstool (Swamp:3)
1565 creatures vanquished.

Vanquished Creatures (collateral kills)
  A ghoul (Swamp:2)
  2 purple draconians (WizLab)
  A hydra (Lair:4)
  2 death yaks (Lair:7)
  A hell knight (Vaults:2)
  A komodo dragon (Lair:4)
  A bog body (Swamp:2)
  2 humans (D:13)
  5 deep elf magi (WizLab)
  A wolf (Lair:4)
  2 necrophages (Swamp:2)
  An ogre (D:6)
  A boring beetle (D:8)
  A crocodile (Lair:4)
  4 wights (D:8)
  An orc wizard (D:13)
27 creatures vanquished.

Vanquished Creatures (others)
  A stone giant (D:13)
  A deep elf high priest (D:14)
  A hydra (Lair:6)
  A shadow wraith (Vaults:2)
  A deep troll (D:13)
  A stone giant zombie (Vaults:2)
  A two-headed ogre (Swamp:2)
  2 deep elf magi (Elf:1)
  A human (D:13)
  A deep elf fighter (D:13)
  A swamp drake (Swamp:5)
  3 ogres
  A hound (D:10)
  An orc wizard (D:13)
  An orange rat (Vaults:1)
  A giant gecko (D:10)
  3 orcs (D:13)
  2 giant spores (D:9)
  2 briar patches (Swamp:5)
  6 fungi
  4 plants
  2 toadstools (Swamp:3)
38 creatures vanquished.

Grand Total: 1630 creatures vanquished

Notes
Turn   | Place    | Note
--------------------------------------------------------------
     0 | D:1      | Johnny, the Human Berserker, began the quest for the Orb.
     0 | D:1      | Reached XP level 1. HP: 18/18 MP: 1/1
    33 | D:1      | Reached XP level 2. HP: 12/24 MP: 2/2
   696 | D:1      | Reached XP level 3. HP: 18/29 MP: 3/3
  1417 | D:2      | Found a sparkling altar of Nemelex Xobeh.
  1558 | D:2      | Acquired Trog's second power
  1558 | D:2      | Reached XP level 4. HP: 22/37 MP: 4/4
  2102 | D:3      | Reached skill level 4 in Fighting
  2102 | D:3      | Reached XP level 5. HP: 15/42 MP: 5/5
  2135 | D:3      | Reached skill level 1 in Shields
  2563 | D:3      | Reached XP level 6. HP: 17/49 MP: 6/6
  3147 | D:4      | Found an ancient bone altar of Kikubaaqudgha.
  3275 | D:4      | Noticed aredel's ghost (average GrFi)
  3291 | D:4      | Killed aredel's ghost
  3291 | D:4      | Reached XP level 7. HP: 50/55 MP: 7/7
  3342 | D:4      | Noticed Natasha
  3358 | D:4      | Killed Natasha
  3480 | D:4      | Found a shimmering altar of Xom.
  3511 | D:4      | Reached skill level 5 in Long Blades
  3551 | D:4      | Reached skill level 5 in Fighting
  3703 | D:4      | Noticed Dowan
  3704 | D:4      | Noticed Duvessa
  3712 | D:4      | Killed Duvessa
  3726 | D:4      | Killed Dowan
  3726 | D:4      | Reached XP level 8. HP: 53/62 MP: 8/8
  4016 | D:4      | Noticed Natasha
  4022 | D:4      | Killed Natasha
  4084 | D:5      | Entered Level 5 of the Dungeon
  4084 | D:5      | Found Mahip's Weapon Shop.
  4178 | D:5      | Found a sand-covered staircase.
  4183 | Ossuary  | Entered an ossuary
  4292 | Ossuary  | Noticed a flying skull
  4298 | Ossuary  | Noticed a flying skull
  4299 | Ossuary  | Noticed a flying skull
  4301 | Ossuary  | Noticed hcnick's ghost (average TrMo)
  4316 | Ossuary  | Killed hcnick's ghost
  4316 | Ossuary  | Reached skill level 6 in Long Blades
  4346 | Ossuary  | Noticed a flying skull
  4368 | Ossuary  | Noticed a flying skull
  4614 | Ossuary  | Reached XP level 9. HP: 69/69 MP: 9/9
  4969 | D:5      | Found a snail-covered altar of Cheibriados.
  4990 | D:5      | Acquired Trog's third power
  5298 | D:5      | Noticed Menkaure
  5306 | D:5      | Killed Menkaure
  5312 | D:5      | Found a burning altar of Makhleb.
  5314 | D:5      | Found an iron altar of Okawaru.
  5377 | D:6      | Got a shimmering mace
  5378 | D:6      | Identified the +11 mace "Yhopoal" {flame, rF++ Int+3 SInv} (You found it on level 6 of the Dungeon)
  5412 | D:6      | Reached skill level 5 in Armour
  5695 | D:6      | Got a smoking chain mail
  5706 | D:6      | Identified the +5 chain mail of Geit {Str-2 Int+1} (You found it on level 6 of the Dungeon)
  5756 | D:6      | Reached skill level 7 in Long Blades
  5901 | D:6      | Found a glowing silver altar of Zin.
  5945 | D:6      | Found a blossoming altar of Fedhas.
  6069 | D:6      | Found a white marble altar of Elyvilon.
  6107 | D:6      | Found a white marble altar of Elyvilon.
  6186 | D:6      | Reached skill level 1 in Evocations
  6220 | D:6      | Got an ancient chain mail
  6231 | D:6      | Identified the +6 chain mail "Ynlub" {Slay+2} (You found it on level 6 of the Dungeon)
  6395 | D:6      | Found Schuhede's Assorted Antiques.
  6504 | D:7      | Noticed Pikel
  6517 | D:7      | Killed Pikel
  6536 | D:7      | Noticed Prince Ribbit
  6537 | D:7      | Noticed Edmund
  6588 | D:7      | Killed Prince Ribbit
  6588 | D:7      | Reached skill level 5 in Dodging
  6588 | D:7      | Reached XP level 10. HP: 42/79 MP: 11/13
  6599 | D:7      | Killed Edmund
  6754 | D:7      | Found a staircase to the Ecumenical Temple.
  6930 | D:8      | Reached skill level 8 in Long Blades
  6961 | D:8      | Reached skill level 5 in Shields
  6962 | D:8      | Found a stormy altar of Qazlal.
  7034 | D:8      | Found a blossoming altar of Fedhas.
  7279 | D:8      | Found a bloodstained altar of Trog.
  7394 | D:8      | Found a staircase to the Lair.
  7682 | D:8      | Found a sparkling altar of Nemelex Xobeh.
  7691 | D:8      | Noticed Joseph
  7705 | D:8      | Killed Joseph
  8506 | D:9      | Reached XP level 11. HP: 73/87 MP: 17/17
  8699 | D:9      | Reached skill level 9 in Long Blades
  8778 | D:9      | Found a snail-covered altar of Cheibriados.
  9858 | Lair:1   | Entered Level 1 of the Lair of Beasts
  9886 | Lair:1   | Noticed Johnny's ghost (experienced HuBe)
  9902 | Lair:1   | Killed Johnny's ghost
 10054 | Lair:1   | Reached skill level 10 in Long Blades
 10302 | Lair:1   | Reached skill level 5 in Evocations
 10956 | Lair:2   | Noticed a five-headed hydra
 10970 | Lair:2   | Killed a five-headed hydra
 10970 | Lair:2   | Reached XP level 12. HP: 59/97 MP: 20/20
 11281 | Lair:2   | Reached skill level 10 in Fighting
 11897 | Lair:3   | Found a staircase to the Snake Pit.
 12163 | Lair:3   | Found a staircase to the Swamp.
 12168 | Lair:3   | the staircase to the Swamp was a mimic.
 12389 | Lair:3   | Reached skill level 11 in Long Blades
 12426 | Lair:3   | Received a gift from Trog
 13000 | Lair:3   | Reached XP level 13. HP: 105/105 MP: 7/23
 13947 | Lair:4   | Found a staircase to the Swamp.
 14640 | Lair:5   | Received a gift from Trog
 14844 | Lair:5   | Reached skill level 12 in Long Blades
 16160 | Lair:7   | Noticed Nergalle
 16176 | Lair:7   | Killed Nergalle
 16304 | Lair:7   | Noticed Snorg
 16326 | Lair:7   | Killed Snorg
 16326 | Lair:7   | Reached XP level 14. HP: 114/114 MP: 8/25
 17074 | Lair:7   | Received a gift from Trog
 17290 | Lair:8   | Entered Level 8 of the Lair of Beasts
 17814 | Lair:8   | Reached skill level 13 in Long Blades
 18350 | Lair:8   | Found a staircase to the Slime Pits.
 18350 | Lair:8   | Found a viscous altar of Jiyva.
 19061 | D:10     | Entered Level 10 of the Dungeon
 19072 | D:10     | Reached XP level 15. HP: 103/122 MP: 9/27
 19503 | D:10     | Received a gift from Trog
 19878 | D:11     | Found Cuqulasch's Antique Weapon Emporium.
 20091 | D:11     | Noticed Erica
 20097 | D:11     | Killed Erica
 20781 | D:12     | Found a roughly hewn altar of Beogh.
 20785 | D:12     | Found a staircase to the Orcish Mines.
 21275 | Orc:1    | Entered Level 1 of the Orcish Mines
 21298 | Orc:1    | Received a gift from Trog
 21456 | Orc:1    | Found Fuaru's Antique Armour Shop.
 21917 | Orc:2    | Found a roughly hewn altar of Beogh.
 22031 | Orc:2    | Received a gift from Trog
 22073 | Orc:2    | Received a gift from Trog
 22177 | Orc:2    | Reached skill level 10 in Armour
 22252 | Orc:3    | Found a shimmering altar of Xom.
 22269 | Orc:3    | Noticed Josephine
 22282 | Orc:3    | Killed Josephine
 22532 | Orc:3    | Found a staircase to the Elven Halls.
 22559 | Orc:3    | Noticed Harold
 22569 | Orc:3    | Killed Harold
 22648 | Orc:3    | Paralysed by an orc sorcerer for 2 turns
 22793 | Orc:3    | Found a roughly hewn altar of Beogh.
 23073 | Orc:3    | Received a gift from Trog
 23356 | Orc:4    | Entered Level 4 of the Orcish Mines
 23356 | Orc:4    | Found a roughly hewn altar of Beogh.
 23369 | Orc:4    | Received a gift from Trog
 23440 | Orc:4    | Found Sialuasara's Antique Weapon Boutique.
 24190 | Orc:4    | Received a gift from Trog
 24317 | Orc:4    | Found Isear's Armour Shop.
 24317 | Orc:4    | Found Fam Oha's General Store.
 24317 | Orc:4    | Found Qaano's Armour Shop.
 24333 | Orc:4    | Found Itsinet's Weapon Boutique.
 24389 | Orc:4    | Bought a scroll of identify for 36 gold pieces
 24389 | Orc:4    | Bought a potion of curing for 36 gold pieces
 24389 | Orc:4    | Bought a potion of agility for 45 gold pieces
 24806 | Orc:1    | Bought a faintly glowing plate armour for 784 gold pieces
 24822 | Orc:1    | Identified the +9 plate armour of Conscience {rN+ Str-3 Dex+4 Slay-2 SInv} (You bought it in a shop on level 1 of the Orcish Mines)
 24876 | Elf:1    | Entered Level 1 of the Elven Halls
 24891 | Elf:1    | Received a gift from Trog
 24891 | Elf:1    | Reached skill level 14 in Long Blades
 25217 | Elf:1    | Reached skill level 10 in Shields
 25370 | Elf:1    | Reached XP level 16. HP: 105/131 MP: 29/29
 25387 | Elf:1    | Received a gift from Trog
 25568 | Elf:1    | Paralysed by a giant eyeball for 3 turns
 25587 | Elf:1    | Paralysed by a giant eyeball for 4 turns
 25602 | Elf:1    | Received a gift from Trog
 25606 | Elf:1    | Paralysed by a giant eyeball for 4 turns
 25623 | Elf:1    | Got an ancient bronze ring
 25760 | Elf:1    | Reached skill level 10 in Evocations
 26163 | Elf:2    | Identified the ring "Haidgh" {rF+ Slay-3 SInv} (You took it off a deep elf mage on level 1 of the Elven Halls)
 26202 | Elf:2    | Found Vufraocs' Weapon Shoppe.
 26711 | D:13     | Found a gate to the Vaults.
 26711 | D:13     | Noticed Rupert
 26711 | D:13     | Noticed Norris
 26720 | D:13     | Killed Rupert
 26747 | D:13     | Killed Norris
 26747 | D:13     | Reached skill level 10 in Dodging
 26853 | D:13     | Received a gift from Trog
 28221 | D:14     | Gained mutation: You heal slowly when monsters are visible. [mutagenic meat]
 28222 | D:14     | Gained mutation: Your magical capacity is low (-10% MP). [mutagenic meat]
 28227 | D:14     | Gained mutation: You are resistant to hostile enchantments. [potion of beneficial mutation]
 28254 | D:14     | Found Emua's Antique Weapon Shoppe.
 28744 | D:14     | Received a gift from Trog
 29342 | D:15     | Entered Level 15 of the Dungeon
 29472 | D:15     | Reached XP level 17. HP: 132/135 MP: 9/27
 29519 | D:15     | Found a staircase to the Depths.
 29839 | D:15     | Reached skill level 15 in Long Blades
 30740 | Swamp:1  | Entered Level 1 of the Swamp
 31669 | Swamp:1  | Received a gift from Trog
 31865 | Swamp:2  | Noticed Donald
 31880 | Swamp:2  | Killed Donald
 32055 | Swamp:2  | Paralysed by a red wasp for 2 turns
 32322 | Swamp:2  | Reached skill level 15 in Fighting
 33716 | Swamp:4  | Reached XP level 18. HP: 94/144 MP: 27/27
 34498 | Swamp:5  | Entered Level 5 of the Swamp
 35038 | Swamp:5  | Reached skill level 16 in Long Blades
 35243 | Swamp:5  | Got a decaying rune of Zot
 36368 | Vaults:1 | Entered Level 1 of the Vaults
 36653 | Vaults:1 | Reached XP level 19. HP: 152/152 MP: 28/28
 36932 | Vaults:1 | Found Dahoury's Book Emporium.
 36945 | Vaults:1 | Found a magical portal.
 36969 | WizLab   | Entered Iskenderun's Mystic Tower
 38511 | Vaults:2 | Noticed Aizul
 38525 | Vaults:2 | Killed Aizul
 38661 | Vaults:2 | Found Veomag Thres' Antique Armour Emporium.
 38696 | Vaults:2 | Reached skill level 17 in Long Blades
 38747 | Vaults:2 | Reached XP level 20. HP: 70/161 MP: 30/30
 38837 | Vaults:2 | Received a gift from Trog
 38876 | Vaults:2 | Found Qofar's Antique Armour Shoppe.
 38969 | Vaults:2 | Found Moasulu's Magic Scroll Shoppe.
 39115 | Vaults:2 | Found Pnehykka's General Store.
 39400 | Vaults:2 | Found Pnat's Assorted Antiques.
 39412 | Vaults:2 | Bought a scroll of teleportation for 105 gold pieces
 39614 | Vaults:2 | Noticed Margery
 39626 | Vaults:2 | HP: 12/243 [hell knight/puff of flame[Margery] (18)]
 39635 | Vaults:2 | Killed from afar by Margery

Action                   |  1- 3 |  4- 6 |  7- 9 | 10-12 | 13-15 | 16-18 | 19-21 || total
-------------------------+-------+-------+-------+-------+-------+-------+-------++-------
Melee: Falchion          |   123 |   209 |   370 |       |       |       |       ||   702
       Long sword        |       |       |    71 |   835 |       |       |       ||   906
       Mace              |       |       |    12 |       |       |       |       ||    12
       Scimitar          |       |       |       |    51 |  1879 |  1329 |   816 ||  4075
       Claymore          |       |       |       |       |       |   362 |       ||   362
Invok: Berserk           |     4 |     4 |    11 |    17 |    17 |    22 |    14 ||    89
       Trog's Hand       |       |     2 |     5 |    10 |    18 |    45 |    29 ||   109
       Brothers in Arms  |       |       |     1 |     1 |     3 |     3 |     3 ||    11
       Burn Spellbooks   |       |       |     1 |     1 |     3 |     3 |     2 ||    10
Evoke: Wand              |       |       |     3 |    28 |    39 |    44 |     7 ||   121
  Use: Scroll            |       |     6 |     2 |    14 |    20 |    24 |     8 ||    74
       Potion            |       |       |       |     2 |       |    33 |     8 ||    43
 Stab: Sleeping          |     1 |       |       |       |       |       |       ||     1
       Distracted        |       |       |       |     1 |     1 |       |     2 ||     4
       Invisible         |       |       |       |       |       |    15 |       ||    15
       Confused          |       |       |       |       |       |     1 |       ||     1
  Eat: Fruit             |     1 |       |       |    11 |    19 |    21 |     1 ||    53
       Chunk             |     5 |     9 |    13 |    27 |    48 |    47 |    26 ||   175
       Beef jerky        |       |       |     1 |       |       |     1 |     3 ||     5
       Royal jelly       |       |       |     1 |       |       |       |       ||     1
       Bread ration      |       |       |     2 |       |       |       |       ||     2
       Pizza             |       |       |     1 |     1 |       |     3 |       ||     5
